 Dungeon Crawl Stone Soup version 0.28.0-45-g0d030f2227 (webtiles) character file.

Game seed: 1088238038701520567

27 seaoflcl the Shield-Bearer (level 3, -2/29 HPs)
             Began as a Human Fighter on Apr 10, 2022.
             Slain by a goblin
             ... wielding a +0 dagger
             ... led by Robin
              (3 damage)
             ... on level 1 of the Dungeon.
             The game lasted 00:01:05 (950 turns).

seaoflcl the Shield-Bearer (Human Fighter)           Turns: 950, Time: 00:01:05

Health: -2/29      AC:  6    Str: 18    XL:     3   Next: 25%
Magic:  3/3        EV:  9    Int:  8    God:
Gold:   46         SH:  4    Dex: 12    Spells: 2/2 levels left

rFire   . . .      SeeInvis .   a - +0 long sword
rCold   . . .      Faith    .   c - +0 buckler
rNeg    . . .      Spirit   .   b - +0 scale mail
rPois   .          Reflect  .   (no helmet)
rElec   .          Harm     .   (no cloak)
rCorr   .          Rampage  .   (no gloves)
Will    .....                   (no boots)
Stlth   ..........              (no amulet)
HPRegen 0.09/turn               (no ring)
MPRegen 0.08/turn               (no ring)

@: mighty
A: no striking features
a: no special abilities


You were on level 1 of the Dungeon.
You visited 1 branch of the dungeon, and saw 2 of its levels.

You collected 46 gold pieces.

Inventory:

Hand Weapons
 a - a +0 long sword (weapon)
Armour
 b - a +0 scale mail (worn)
 c - a +0 buckler (worn)
Scrolls
 e - a scroll of teleportation {unknown}
 f - a scroll of enchant armour {unknown}
 g - a scroll of vulnerability {unknown}


   Skills:
 + Level 3.2 Fighting
 + Level 2.4 Long Blades
 + Level 3.2 Armour
 + Level 0.4 Dodging
 + Level 3.3 Shields


You had 2 spell levels left.
You didn't know any spells.
Your spell library was empty.

Dungeon Overview and Level Annotations

Branches:
Dungeon (2/15)

Altars:

Annotations:
D:2 Robin, Terence


Message History

Robin roars a battlecry!
The goblins go into a battle-frenzy!
The goblin unwields a +0 club.
The goblin wields a +0 hunting sling.
The goblin shoots a stone.
The stone closely misses you.
The stone hits the goblin.
The goblin dies!
You climb upwards.
There is a stone staircase leading down here.
You climb downwards.
Level annotation: Robin, Terence The goblin hits you with a +0 club.
The hobgoblin hits you. The goblin hits you but does no damage.
You block the goblin's attack. The goblin hits you with a +0 dagger.
There is a stone staircase leading up here.
The goblin barely misses you. The hobgoblin barely misses you.
Robin throws the goblin at you! The goblin closely misses you.
The hobgoblin closely misses you.
The hobgoblin hits you but does no damage.
The goblin hits you but does no damage. x2
The goblin unwields a +0 hunting sling.
The goblin wields a +0 club.
The goblin hits you with a +0 club.
You climb upwards.
There is a stone staircase leading down here.
You hit the hobgoblin.
The hobgoblin is almost dead.
You block the hobgoblin's attack. The goblin hits you with a +0 dagger.
The goblin hits you but does no damage.
You hit the hobgoblin.
You kill the hobgoblin!
You block the goblin's attack. The goblin hits you with a +0 dagger.
* * * LOW HITPOINT WARNING * * *
The goblin hits you but does no damage. x2; The goblin closely misses you.
You feel very mighty all of a sudden. The goblin hits you but does no damage.
The goblin closely misses you. The goblin hits you with a +0 dagger.
* * * LOW HITPOINT WARNING * * *
You closely miss the goblin. The goblin hits you but does no damage.
You block the goblin's attack. The goblin hits you but does no damage.
You closely miss the goblin. The goblin hits you with a +0 dagger.
You die...

########.
#........
#.######. #.# #.
#.# #. #.# #.
##########.#### ##
#gggg.........####
#@####.######.....
#g# #.# ###### #g#
#.# ##. #.# #.#
#.. #.# #.# ##.
#.# #.# ##. #.#
#.# #####.#
#.####.# #....##
####......#
#.###)#


You could see 2 hobgoblins and 4 goblins.

Vanquished Creatures
  A dart slug (D:1)
  2 ball pythons (D:1)
  2 bats (D:1)
  An endoplasm (D:1)
  5 hobgoblins (D:1)
  4 jackals (D:1)
  A kobold (D:1)
  A quokka (D:1)
  2 goblins (D:1)
  2 rats (D:1)
21 creatures vanquished.

Vanquished Creatures (others)
  A goblin (D:2)
1 creature vanquished.

Grand Total: 22 creatures vanquished

Notes
Turn   | Place    | Note
-------+----------+-------------------------------------------
     0 | D:1      | seaoflcl the Human Fighter began the quest for the Orb.
     0 | D:1      | Reached XP level 1. HP: 18/18 MP: 1/1
    74 | D:1      | Reached XP level 2. HP: 15/24 MP: 2/2
   426 | D:1      | Reached XP level 3. HP: 24/29 MP: 3/3
   939 | D:2      | Noticed Terence
   939 | D:2      | Noticed Robin
   948 | D:1      | HP: 1/29 [goblin/+0 dagger[Robin] (3)]
   950 | D:1      | Slain by a goblin

Illustrated notes

Levels and vault maps discovered:
D:1:      ncdulo_watergridlock, layout_loops_ring, serial_bayou_pond_a
D:2:      layout_rooms, serial_forest, infiniplex_forest_straight_2,
          infiniplex_forest_clump_tiny, infiniplex_forest_straight_4,
          infiniplex_forest_lined_1, infiniplex_forest_clump_curved,
          ebering_ecumenical_altar_mist, kennysheep_generic_room_5,
          uniq_terence, uniq_robin

Action                   || total
-------------------------++-------
Melee: Long sword        ||    62
  Use: Potion            ||     1
Armor: Scale mail        ||    38
Dodge: Dodged            ||    29
Block: Buckler           ||    17
